 Dungeon Crawl Stone Soup version 0.25-a0-1133-g93ebf739aa (webtiles) character file.

Game seed: 17779104901258527064, levelgen mode: deterministic

14 vurker the Charlatan (level 2, 18/21 HPs)
             Began as a Human Artificer on May 20, 2020.
             Quit the game on level 1 of the Dungeon.
             The game lasted 00:01:02 (443 turns).

vurker the Charlatan (Human Artificer)               Turns: 443, Time: 00:01:02

Health: 18/21      AC:  3    Str: 12    XL:     2   Next: 55%
Magic:  5/5        EV: 12    Int: 11    God:
Gold:   15         SH:  0    Dex: 13    Spells: 1/1 levels left

rFire    . . .     SeeInvis .   a - +0 short sword
rCold    . . .     Gourm    .   (no shield)
rNeg     . . .     Faith    .   b - +0 leather armour
rPois    .         Spirit   .   c - +0 hat
rElec    .         Reflect  .   (no cloak)
rCorr    .         Harm     .   (no gloves)
MR       .....                  (no boots)
Stlth    +.........             l - amulet of inaccuracy (curse)
HPRegen  0.07/turn              (no ring)
MPRegen  0.09/turn              (no ring)

@: no status effects
A: high mp 2, wild magic 1
a: no special abilities


You were on level 1 of the Dungeon.
You were not hungry.

You visited 1 branch of the dungeon, and saw 1 of its levels.

You collected 15 gold pieces.

Inventory:

Hand Weapons
 a - a +0 short sword (weapon)
Armour
 b - a +0 leather armour (worn)
 c - a +0 hat (worn)
   (You found it on level 1 of the Dungeon)
Jewellery
 l - a cursed amulet of inaccuracy (around neck)
   (You found it on level 1 of the Dungeon)
Wands
 d - a wand of enslavement (15)
 f - a wand of random effects (15)
 t - a wand of flame (15)
Potions
 h - a potion of curing {unknown}
 k - a potion of heal wounds {unknown}
Comestibles
 e - 3 rations
 g - 5 chunks of flesh


   Skills:
 + Level 1.3 Fighting
 - Level 1.0 Short Blades
 + Level 0.8 Armour
 + Level 2.2 Dodging
 - Level 1.0 Stealth
 + Level 3.1 Evocations


You had one spell level left.
You didn't know any spells.
Your spell library was empty.

Dungeon Overview and Level Annotations

Branches:
Dungeon (1/15)

Altars:


Innate Abilities, Weirdness & Mutations

You have a considerably increased reservoir of magic. (+20% MP)
Your spells are a little harder to cast, but a little more powerful.


Message History

You butcher the goblin corpse.
g - 4 chunks of flesh (gained 2)
Things that are here:
a +0 club; a goblin skeleton
Things that are here:
a +0 club; a goblin skeleton
l - a lumpy blue amulet Oops, that amulet feels deathly cold.
l - a cursed amulet of inaccuracy (around neck)
Okay, then.
Okay, then.
As you read the scroll labeled BARAHAEGEU, it crumbles to dust.
It is a scroll of identify.
i - 2 potions of mutation
Found a ration.
e - 3 rations (gained 1)
A bat comes into view.
A bat is nearby!
The bat misses you. x2
You hit the bat.
You kill the bat!
No target in view!
No target in view!
You butcher the bat corpse.
g - 5 chunks of flesh (gained 1)
You see here a bat skeleton. x2
Really quaff the potion of mutation?
You feel extremely strange. A pair of antennae grows on your head!
You feel clever. The antennae on your head shrink away.
You begin to heal more quickly.
Really quaff the potion of mutation?
You feel extremely strange.
You feel stupid.
Your rate of healing slows.
You feel more energetic.
You feel less in control of your magic.
You feel more energetic.
A kobold comes into view.
A kobold is nearby!
A goblin comes into view. It is wielding a +0 club.
The kobold shouts!
The kobold throws a stone.
The stone hits you but does no damage.
The kobold throws a stone.
The stone barely misses you.
The kobold throws a stone.
The stone hits you but does no damage.
You see here a stone.
The kobold throws a stone.
The stone hits you.
You see here a stone.
The kobold hits you.
You closely miss the kobold. The kobold completely misses you.
You hit the kobold.
You kill the kobold!
No target in view!
No target in view!

#g ... #.# #.#
###.## ....
##.###########
#(...((@†....#
#..#########.# #..#
#.# ####### #..# #.#
#...... #..# ###.###
#.##### #..# #.....#
#.#
#..#######.....###.#
#÷.........).......#
#.########.)...#####


There were no monsters in sight!

Vanquished Creatures
  An ooze (D:1)
  3 goblins (D:1)
  A hobgoblin (D:1)
  A ball python (D:1)
  2 bats (D:1)
  A kobold (D:1)
  2 rats (D:1)
11 creatures vanquished.

Notes
Turn   | Place    | Note
-------+----------+-------------------------------------------
     0 | D:1      | vurker the Human Artificer began the quest for the Orb.
     0 | D:1      | Reached XP level 1. HP: 15/15 MP: 3/3
   304 | D:1      | Reached XP level 2. HP: 21/21 MP: 4/4
   416 | D:1      | Gained mutation: You have a pair of small antennae on your
                  | head. [potion of mutation]
   416 | D:1      | Gained mutation: Your mind is acute. (Int +2) [potion of
                  | mutation]
   416 | D:1      | Lost mutation: You have a pair of small antennae on your
                  | head. [potion of mutation]
   416 | D:1      | Gained mutation: Your natural rate of healing is unusually
                  | fast. [potion of mutation]
   417 | D:1      | Lost mutation: Your mind is acute. (Int +2) [potion of
                  | mutation]
   417 | D:1      | Lost mutation: Your natural rate of healing is unusually
                  | fast. [potion of mutation]
   417 | D:1      | Gained mutation: You have an increased reservoir of magic.
                  | (+10% MP) [potion of mutation]
   417 | D:1      | Gained mutation: Your spells are a little harder to cast,
                  | but a little more powerful. [potion of mutation]
   417 | D:1      | Gained mutation: You have a considerably increased
                  | reservoir of magic. (+20% MP) [potion of mutation]
   443 | D:1      | Quit the game

Illustrated notes

Levels and vault maps discovered:
D:1:      shiori_arrival_maze, layout_loops_ring

Action                   || total
-------------------------++-------
Melee: Short sword       ||    25
  Use: Potion            ||     2
       Scroll            ||     1
 Stab: Sleeping          ||     2
Armor: Leather armour    ||     3
Dodge: Dodged            ||    14

Table legend:
 A = Non-vault XP
 B = Vault XP
 C = Vault XP percentage of total XP
 D = Non-vault monster count
 E = Vault monster count
 F = Vault count percentage of total count
                 A         B        C        D         E       F
            +---------+---------+-------+---------+---------+-------
      Total |      18 |       2 |  10.0 |      10 |       1 |   9.1
            +---------+---------+-------+---------+---------+-------
        D:1 |      18 |       2 |  10.0 |      10 |       1 |   9.1
            +---------+---------+-------+---------+---------+-------
